 Dungeon Crawl Stone Soup version 0.27-a0-1071-ga85bd9520d (webtiles) character file.

Game seed: 5080253092144518811

79 senseless the Insei (level 4, -2/28 HPs)
             Began as an Octopode Transmuter on Apr 24, 2021.
             Slain by a hobgoblin (5 damage)
             ... led by Robin
             ... on level 3 of the Dungeon.
             The game lasted 00:06:08 (2855 turns).

senseless the Insei (Octopode Transmuter)           Turns: 2855, Time: 00:06:09

Health: -2/28      AC:  1    Str: 10    XL:     4   Next: 38%
Magic:  6/7        EV: 13    Int: 15    God:
Gold:   129        SH:  0    Dex: 12    Spells: 7/8 levels left

rFire    . . .     SeeInvis +     - Unarmed
rCold    . . .     Faith    .   (no shield)
rNeg     . . .     Spirit   .   (helmet currently unavailable)
rPois    .         Reflect  .   (no amulet)
rElec    .         Harm     .   d - ring of see invisible
rCorr    .         Rampage  .   (no ring)
Will     .....                  (no ring)
Stlth    +++.......             (no ring)
HPRegen  0.09/turn              (no ring)
MPRegen  0.10/turn              (no ring)
                                (no ring)
                                (no ring)

@: appendages, hasted, very quick
A: tentacle spike 3, almost no armour, amphibious, 8 rings, camouflage 1,
gelatinous body 1, (nimble swimmer 1), tentacles
a: End Transformation


You were on level 3 of the Dungeon.
One of your tentacles had grown a beastly spike.
You visited 1 branch of the dungeon, and saw 3 of its levels.

You collected 129 gold pieces.

Inventory:

Jewellery
 d - a ring of see invisible (left tentacle)
Potions
 b - a potion of heal wounds
 c - a potion of flight {unknown}
 e - 2 potions of magic
 f - a potion of ambrosia {unknown}
 g - a potion of curing {unknown}


   Skills:
 + Level 1.4 Fighting
 + Level 2.2 Dodging
 + Level 1.4 Stealth
 + Level 3.6 Unarmed Combat
 + Level 2.5 Spellcasting
 + Level 2.8 Transmutations


You had 7 spell levels left.
You knew the following spells:

 Your Spells              Type           Power      Damage    Failure   Level
a - Beastly Appendage     Tmut           20%        N/A       7%          1

Your spell library contained the following spells:

 Spells                   Type           Power      Damage    Failure   Level
 Wereblood                Tmut           10%        N/A       10%         2
 Animate Skeleton         Necr           2%         N/A       22%         1
 Pain                     Necr           4%         1d4       22%         1
 Spider Form              Tmut/Pois      3%         N/A       34%         3
 Vampiric Draining        Necr           0%         2d6       54%         3
 Ice Form                 Ice/Tmut       6%         N/A       75%         4
 Hydra Form               Tmut           5%         N/A       88%         5
 Animate Dead             Necr           0%         N/A       91%         4
 Agony                    Necr           1%         N/A       99%         5


Dungeon Overview and Level Annotations

Branches:
Dungeon (3/15)

Altars:

Annotations:
D:3 Robin


Innate Abilities, Weirdness & Mutations

One of your tentacles has grown a beastly spike.
You cannot wear most types of armour.
You are amphibious.
You can wear up to eight rings at the same time.
Your skin changes colour to match your surroundings (Stealth+).
Your rubbery body absorbs attacks. (AC +1, EV +1)
((You are camouflaged near water. (Stealth+)))
You have tentacles for arms and can constrict up to eight enemies at once.


Message History

You kill the hobgoblin!
You barely miss the hobgoblin. You grab the hobgoblin.
You constrict the hobgoblin. The hobgoblin hits you.
You tentacle-slap the hobgoblin.
The hobgoblin is heavily wounded.
You constrict the hobgoblin.
A giant cockroach comes into view.
You barely miss the hobgoblin.
You pierce the hobgoblin.
You kill the hobgoblin!
You miss the goblin. You grab the goblin. You constrict the goblin.
The goblin hits you but does no damage.
You tentacle-slap the goblin.
You kill the goblin!
Robin zaps a wand.
Some rock shatters into small pieces.
You closely miss the hobgoblin. You grab the hobgoblin.
Your tentacle spike misses the hobgoblin.
You squeeze the hobgoblin, but do no damage.
You constrict the hobgoblin.
The hobgoblin escapes!
You tentacle-slap the hobgoblin. You grab the hobgoblin.
You pierce the hobgoblin, but do no damage.
The hobgoblin is heavily wounded.
You constrict the hobgoblin, but do no damage.
A bat comes into view.
The goblin barely misses you.
The hobgoblin struggles to escape constriction.
Casting: Beastly Appendage (safe; 7% risk of failure)
Confirm with . or Enter, or press ? or * to list all spells.
You extend your transformation's duration.
You constrict the hobgoblin, but do no damage.
The goblin misses you.
The goblin hits you with a +1 dagger of distortion.
Space warps horribly around you!
Ouch! That really hurt!
* * * LOW HITPOINT WARNING * * *
You tentacle-slap the goblin.
You kill the goblin!
You constrict the hobgoblin. The goblin hits you with a +0 club.
* * * LOW HITPOINT WARNING * * *
The hobgoblin hits you.
You die...

###### #####
##....######## #...#
##..♣.........# #...#
#.♣P..........#
....###♣...P....@g..#
....'.'..._.♣..)gg..+
....##...PP.....gggg#
....##............B.b.
....########............
....# ###'##.g.....
#...# #'# #......
######### .. #.....
........#


You could see Robin, a giant cockroach, 3 hobgoblins, 4 goblins and a bat.

Vanquished Creatures
  An adder (D:2)
  2 dart slugs
  4 orcs (D:3)
  4 endoplasms
  2 giant cockroaches (D:2)
  5 goblins
  8 hobgoblins
  3 jackals (D:3)
  2 quokkas (D:1)
  7 ball pythons
  7 bats
  A frilled lizard (D:1)
  5 kobolds
  7 rats
58 creatures vanquished.

Vanquished Creatures (others)
  A quokka (D:3)
  A withered plant (D:3)
2 creatures vanquished.

Grand Total: 60 creatures vanquished

Notes
Turn   | Place    | Note
-------+----------+-------------------------------------------
     0 | D:1      | senseless the Octopode Transmuter began the quest for the
                  | Orb.
     0 | D:1      | Reached XP level 1. HP: 13/13 MP: 3/3
   131 | D:1      | Reached XP level 2. HP: 9/18 MP: 3/5
  1037 | D:1      | Reached XP level 3. HP: 23/23 MP: 4/6
  1355 | D:2      | Reached skill level 1 in Stealth
  2248 | D:3      | Reached XP level 4. HP: 26/28 MP: 5/7
  2827 | D:3      | Found a faded altar of an unknown god.
  2844 | D:3      | Noticed Robin
  2855 | D:3      | Slain by a hobgoblin

Illustrated notes

Levels and vault maps discovered:
D:1:      eino_arrival_cavern_e, layout_rooms
D:2:      layout_basic, minmay_tiny_reverse_x
D:3:      layout_basic, elyvilon_altar_4, ebering_ecumenical_altar_petrified,
          uniq_robin

Skill      XL: |  1  2  3 |
---------------+----------+-----
Stealth        | 1 |  1.4
Fighting       | |  1.4
Dodging        | |  2.2
Unarmed Combat | |  3.6
Spellcasting   | |  2.5
Transmutations | |  2.8

Action                   |  1- 3 |  4- 6 || total
-------------------------+-------+-------++-------
Melee: Unarmed           |    92 |    33 ||   125
       Constrict         |    24 |    12 ||    36
       Tentacles         |    11 |     8 ||    19
       Kick              |    14 |     8 ||    22
       Punch             |     1 |       ||     1
 Cast: Beastly Appendage |    28 |     6 ||    34
  Use: Scroll            |     5 |       ||     5
       Potion            |       |     1 ||     1
 Stab: Sleeping          |     4 |     1 ||     5
Armor: Skin              |     5 |     1 ||     6
Dodge: Dodged            |    64 |    16 ||    80

Table legend: (Time is in decaauts)
 A = Elapsed time spent in this place.
 B = Non-inter-level travel time spent in this place.
 C = Inter-level travel time spent in this place.
 D = Time resting spent in this place.
 E = Time spent auto-exploring this place.
 F = Levels seen in this place.
 G = Mean time per level.
                   A        B        C        D        E       F      G
               +--------+--------+--------+--------+--------+-----+--------+
         Total |   2843 |   2802 |     41 |    427 |   2025 |   3 |  947.7 |
       Dungeon |   2843 |   2802 |     41 |    427 |   2025 |   3 |  947.7 |
               +--------+--------+--------+--------+--------+-----+--------+

Top non-repeatable levels by time:
     D:1: 1176 daAuts
     D:2: 970 daAuts
     D:3: 696 daAuts
